 Dungeon Crawl Stone Soup version 0.31-b1-20-g67cafac56d (webtiles) character file.

Game seed: 1335347054781015907

153 Strat the Trooper (level 5, -4/55 HPs)
             Began as an Oni Warper on Jan 17, 2024.
             Slain by an orc
             ... wielding a +0 mace
              (5 damage)
             ... on level 3 of the Dungeon.
             The game lasted 00:06:47 (4226 turns).

Strat the Trooper (Oni Warper)                      Turns: 4226, Time: 00:06:47

Health: -4/55      AC:  3    Str: 23    XL:     5   Next: 35%
Magic:  8/8        EV:  9    Int: 20    God:
Gold:   206        SH:  0    Dex:  8    Spells: 1/8 levels left

rFire   x . .        b - +1 mace of Armageddon {venom, rPois rF- Str+6}
rCold   . . .        (no shield)
rNeg    . . .        o - +0 robe
rPois   +            (helmet restricted)
rElec   .            (no cloak)
rCorr   .            (gloves unavailable)
SInv    .            (boots unavailable)
Will    .....        (no amulet)
Stlth   +            u - +6 ring of intelligence
HPRegen 0.29/turn    (no ring)
MPRegen 0.11/turn

%: no passive effects
@: no status effects
A: large, unfitting armour, horns 1, tough skin 1, double potion healing,
drunken brawling
a: no special abilities


You were on level 3 of the Dungeon.
You visited 1 branch of the dungeon, and saw 4 of its levels.

You collected 206 gold pieces.

Inventory:

Hand Weapons
 a - a +0 mace
 b - the +1 mace of Armageddon (weapon) {venom, rPois rF- Str+6}
   (You found it on level 3 of the Dungeon)

   Str+6:     It affects your strength (+6).
   rF-:       It makes you vulnerable to fire.
   rPois:     It protects you from poison
 w - a +0 morningstar
 x - a +1 antimagic whip
Missiles
 d - 7 darts of dispersal (quivered)
 j - 8 boomerangs
 p - 2 poisoned darts
Armour
 o - a +0 robe (worn)
Jewellery
 u - a +6 ring of intelligence (left hand)
Scrolls
 c - 2 scrolls of blinking
 e - a scroll of torment {unknown}
 f - 3 scrolls of brand weapon {unknown}
 g - a scroll of revelation {unknown}
 h - 2 scrolls of immolation {unknown}
 k - a scroll of silence {unknown}
 l - 5 scrolls of identify {unknown}
 m - a scroll of fear {unknown}
 n - 2 scrolls of vulnerability {unknown}
Potions
 i - a potion of berserk rage {unknown}
 q - a potion of brilliance {unknown}
 r - a potion of heal wounds {unknown}
 s - a potion of mutation {unknown}
 t - a potion of might {unknown}
 v - a potion of magic {unknown}


   Skills:
 + Level 4.4 Fighting
 * Level 4.3 Maces & Flails
 - Level 1.0 Throwing
 - Level 2.1 Dodging
 - Level 2.4 Spellcasting
 + Level 3.0 Translocations


You had one spell level left.
You knew the following spells:

 Your Spells              Type           Power      Damage    Failure   Level
a - Blink                 Tloc           28%        N/A       6%          2
b - Lesser Beckoning      Tloc           28%        N/A       6%          2
c - Teleport Other        Tloc           14%        N/A       13%         3

Your spell library contained the following spells:

 Spells                   Type           Power      Damage    Failure   Level
 Gell's Gravitas          Tloc           14%        N/A       13%         3
 Manifold Assault         Tloc           14%        N/A       38%         4
 Call Canine Familiar     Summ           2%         N/A       41%         3
 Sigil of Binding         Hex            2%         N/A       41%         3
 Dimensional Bullseye     Hex/Tloc       4%         N/A       63%         4
 Vhi's Electric Charge    Tloc/Air       16%        N/A       63%         4


Dungeon Overview and Level Annotations

Branches:
Dungeon (4/15)
 Temple: D:4-7

Altars:

Annotations:
D:3 2 transporters


Innate Abilities, Weirdness & Mutations

You are too large for most types of armour.
You have a pair of small horns on your head.
You have tough skin. (AC +1)
You gain doubled healing and magic from potions.
Whenever you drink a healing potion, you attack all around you.


Message History

The orc is almost dead.
The orc barely misses you. Something hits you but does no damage.
The orc hits you with a +0 mace.
* * * LOW HITPOINT WARNING * * *
You feel less confused.
You kill the orc!
You hear some strange, mumbled words.
You are confused.
The orc attacks as it pursues you! The orc hits you with a +0 mace.
* * * LOW HITPOINT WARNING * * *
The orc attacks as it pursues you! The orc closely misses you.
You barely miss the orc. Your headbutt misses the orc.
The orc hits you with a +0 flail.
* * * LOW HITPOINT WARNING * * *
Something hits you.
* * * LOW HITPOINT WARNING * * *
The orc hits you but does no damage. The orc hits you with a +0 flail.
* * * LOW HITPOINT WARNING * * *
You feel less confused. The orc attacks as it pursues you!
The orc hits you with a +0 mace.
* * * LOW HITPOINT WARNING * * *
The orc attacks as it pursues you! The orc hits you with a +0 flail!
* * * LOW HITPOINT WARNING * * *
The orc attacks as it pursues you! The orc barely misses you.
Something hits you.
* * * LOW HITPOINT WARNING * * *
The orc hits you with a +0 mace.
* * * LOW HITPOINT WARNING * * *
There is an escape hatch in the ceiling, spattered with blood here.
The orc hits you with a +0 mace.
* * * LOW HITPOINT WARNING * * *
Something hits you but does no damage. A mysterious force pulls you upwards.
The hatch slams shut behind you.
Level annotation: 2 transporters Reactivating autopickup.
Something hits you.
* * * LOW HITPOINT WARNING * * *
Deactivating autopickup; reactivate with Ctrl-A.
The orc attacks as it pursues you! The orc hits you with a +0 mace.
You die...

/..P#.# #.......#............
+####.# #.......#..##########
..≈5#.# #.......#..# ###### #
..≈5#.# #......##..# #....###
~~≈.#.#######......##..# #....#..
♣P≈.#.##....#......##..###....#..
~~≈:#.##....#......##....'....'..
..≈.#..........###.##...##....#..
..≈.#..........o@............####
+####..........####.###.####.# #
(..~#.........)# #......# #.# #
©$P8#..........# #.##..## #.# #
#####..........###.###..####.####
©.....####.......#.#.........#...
..########...#.#.#.#.##..#####.##
....)).........#.#.#........<..##
.....###########.#.###.#.........


You could see an orc.

Vanquished Creatures
  An orc priest (D:4)
  3 adders
  A dart slug (D:1)
  A ribbon worm (D:3)
  10 orcs
  4 ball pythons
  3 endoplasms
  2 giant cockroaches
  12 goblins
  3 hobgoblins
  7 jackals
  6 kobolds
  3 quokkas
  6 bats
  7 frilled lizards
  11 rats
80 creatures vanquished.

Notes
Turn   | Place    | Note
-------+----------+-------------------------------------------
     0 | D:1      | Strat the Oni Warper began the quest for the Orb.
     0 | D:1      | Reached XP level 1. HP: 22/22 MP: 3/3
   181 | D:1      | Reached XP level 2. HP: 31/31 MP: 5/5
   184 | D:1      | Learned a level 2 spell: Blink
   187 | D:1      | Learned a level 2 spell: Lesser Beckoning
  1127 | D:2      | Reached XP level 3. HP: 29/37 MP: 6/6
  1787 | D:2      | Reached XP level 4. HP: 47/48 MP: 7/7
  1896 | D:2      | Learned a level 3 spell: Teleport Other
  2937 | D:3      | Found a transporter.
  3046 | D:3      | Identified the +1 mace of Armageddon {venom, rPois rF-
                  | Str+6}
  3070 | D:3      | Found a transporter.
  4033 | D:4      | Reached XP level 5. HP: 46/55 MP: 5/8
  4223 | D:4      | HP: 2/55 [orc/+0 mace (3)]
  4226 | D:3      | Slain by an orc

Illustrated notes

Levels and vault maps discovered:
D:1:      co_arrival_random_square_maze, layout_basic
D:2:      kennysheep_the_goblin_king, layout_loops_cross, minmay_cupped
D:3:      gammafunk_wand_slinger, layout_basic, minmay_crystal_water
D:4:      layout_cave_pools, biasface_ghost_orc_armoury,
          serial_library_hellmonk_filled_rooms

Skill      XL: |  1  2  3  4 |
---------------+-------------+-----
Fighting       | 3 4 |  4.4
Maces & Flails | 3 4 |  4.3
Translocations | 3 |  3.0
Throwing       | |  1.0
Dodging        | |  2.1
Spellcasting   | |  2.4

Action                     |  1- 3 |  4- 6 || total
---------------------------+-------+-------++-------
  Melee: Mace              |   103 |   119 ||   222
         Headbutt          |     8 |     9 ||    17
   Stab: Sleeping          |       |     1 ||     1
 Armour: Robe              |    86 |   122 ||   208
  Dodge: Dodged            |    54 |    65 ||   119
